 Dungeon Crawl Stone Soup version 0.29.0-11-gd7f09526c8 (webtiles) character file.

Game seed: 9994440651185664911

1487 Strat the Grappler (level 8, -2/68 HPs)
             Began as a Ghoul Enchanter on Sept 4, 2022.
             Was a Follower of Makhleb.
             Slain by an orc
             ... wielding a +0 mace
              (4 damage)
             ... on level 6 of the Dungeon.
             The game lasted 00:10:14 (7882 turns).

Strat the Grappler (Ghoul Enchanter)                Turns: 7882, Time: 00:10:15

Health: -2/68      AC: 11    Str: 14    XL:     8   Next: 80%
Magic:  9/9        EV: 10    Int: 10    God:    Makhleb [*.....]
Gold:   436        SH:  0    Dex:  9    Spells: 10/10 levels left

rFire   . . .      SeeInvis .     - Unarmed
rCold   + . .      Faith    .   (no shield)
rNeg    + + +      Spirit   .   l - +1 ring mail
rPois   ∞          Reflect  .   (no helmet)
rElec   .          Harm     .   (no cloak)
rCorr   .          Rampage  .   (no gloves)
Will    .....                   (no boots)
Stlth   +.........              z - amulet of regeneration
HPRegen 0.00/turn               g - ring of flight
MPRegen 0.11/turn               o - +4 ring of protection

@: flying, inhibited regen
A: claws 1, cold resistance 1, negative energy resistance 3, inhibited
regeneration, torment resistance 2, devour on kill
a: Renounce Religion


You were on level 6 of the Dungeon.
You worshipped Makhleb.
Makhleb was aware of your devotion.
You visited 1 branch of the dungeon, and saw 6 of its levels.

You collected 436 gold pieces.

Inventory:

Hand Weapons
 a - a +1 dagger of venom
Missiles
 n - 12 poisoned darts (quivered)
 w - 2 boomerangs of dispersal
 A - 2 throwing nets
Armour
 b - a +0 robe
 l - a +1 ring mail (worn)
 r - a +0 chain mail
 y - a +0 buckler
Jewellery
 g - a ring of flight (left claw)
 o - a +4 ring of protection (right claw)
 t - a +6 ring of intelligence
 z - an amulet of regeneration (around neck)
Wands
 j - a wand of charming (4)
 v - a wand of flame (30)
Scrolls
 d - 4 scrolls of teleportation
 e - a scroll of vulnerability
 i - 2 scrolls of amnesia
 p - a scroll of magic mapping {unknown}
 q - 2 scrolls of enchant armour
 B - 2 scrolls of fear
 C - 2 scrolls of identify
Potions
 c - a potion of invisibility
 f - 4 potions of attraction {unknown}
 h - 4 potions of mutation
 k - 3 potions of curing
 m - a potion of magic {unknown}
 s - a potion of flight {unknown}
 u - a potion of cancellation {unknown}
 x - 2 potions of brilliance {unknown}


   Skills:
 - Level 5.0 Fighting
 - Level 0.8 Short Blades
 + Level 4.7 Armour
 - Level 1.7 Dodging
 - Level 3.2 Stealth
 + Level 8.5 Unarmed Combat
 - Level 1.7 Spellcasting
 - Level 2.4 Hexes


You had 10 spell levels left.
You didn't know any spells.
Your spell library contained the following spells:

 Spells                   Type           Power      Damage    Failure   Level
 Ensorcelled Hibernation  Hex/Ice        6%         N/A       50%         2
 Foxfire                  Conj/Fire      0%         2x1d4     52%         1
 Confusing Touch          Hex            5%         N/A       56%         3
 Tukima's Dance           Hex            5%         N/A       56%         3
 Dazzling Flash           Conj/Hex       6%         N/A       75%         3
 Inner Flame              Hex/Fire       3%         N/A       75%         3
 Conjure Flame            Conj/Fire      0%         6-21      88%         3
 Ignite Poison            Fire/Tmut/Pois 0%         N/A       88%         3
 Mephitic Cloud           Conj/Pois/Air  0%         N/A       88%         3
 Ozocubu's Armour         Ice            0%         N/A       88%         3
 Flame Wave               Conj/Fire      0%         2d4       99%         4
 Summon Lightning Spire   Summ/Air       0%         N/A       99%         4
 Freezing Cloud           Conj/Ice/Air   0%         6-21      100%        5
 Dispersal                Tloc           0%         N/A       100%        6
 Ozocubu's Refrigeration  Ice            0%         4d7       100%        7
 Disjunction              Tloc           0%         N/A       100%        8
 Maxwell's Capacitive Co  Air            0%         ∞         100%        8
 Storm Form               Tmut/Air       Unusable   N/A       N/A         7

Dungeon Overview and Level Annotations

Branches:
Dungeon (6/15)             Temple (0/1) D:4

Altars:
Ashenzari
Cheibriados
Makhleb
Okawaru
Ru
Vehumet
Xom

Shops:
D:4 :


Innate Abilities, Weirdness & Mutations

You are immune to poison.
You have sharp fingernails.
Your flesh is cold resistant. (rC+)
You are immune to negative energy. (rN+++)
You do not regenerate when monsters are visible.
You are immune to unholy pain and torment.
You thrive by killing the living.


Message History

Reactivating autopickup.
You claw the orc wizard!
The orc wizard is almost dead.
The orc hits you with a +0 mace.
* * * LOW HITPOINT WARNING * * *
The orc wizard casts a spell.
The orc wizard flickers and vanishes!
Deactivating autopickup; reactivate with Ctrl-A.
You barely miss something. Something hits you but does no damage.
The orc hits you but does no damage.
You scratch something. Makhleb accepts your kill.
You feel better.
Reactivating autopickup.
You feel a bit more experienced.
You feel better. The orc hits you with a +0 mace.
* * * LOW HITPOINT WARNING * * *
You feel better. The orc priest closely misses you.
The orc hits you with a +0 mace.
* * * LOW HITPOINT WARNING * * *
You closely miss the orc priest. The orc hits you with a +0 war axe.
* * * LOW HITPOINT WARNING * * *
The orc priest calls down the wrath of Beogh upon you.
Beogh smites you!
* * * LOW HITPOINT WARNING * * *
The orc barely misses you.
You scratch the orc priest but do no damage.
The orc hits you with a +0 war axe.
* * * LOW HITPOINT WARNING * * *
The orc priest calls down the wrath of Beogh upon you.
Beogh smites you!
* * * LOW HITPOINT WARNING * * *
You scratch the orc priest but do no damage.
The orc hits you but does no damage. The orc hits you with a +0 war axe.
* * * LOW HITPOINT WARNING * * *
The orc priest hits you but does no damage.
You scratch the orc priest.
The orc priest is lightly wounded.
The orc hits you with a +0 mace.
You die...

..####..(## #####...#####.##....o
..##....#.###...........#.##.#.{#
.))).##................)).......#
..#)..#.#.###.........))#.##....#
..#..#...## ####.....####.##...##
..#.###.## #.................
###.###.## #.....########.###
#.##...# #oo...# #......#
#.##...### #@o)..# #o##.#.#
#........#######.### #.##.#.#
###........#.....).## #.##....
.........g.#......o.# #.####.#
######...#.........~######.####.#
#...#.#.......~..oo........#
#####.#........#####.#######
##...........# #.# #..#........##
#.#####


You could see an orc priest and 2 orcs.

Vanquished Creatures
  A water moccasin (D:5)
  A black bear (D:6)
  An ice beast (D:6)
  2 sky beasts
  A centaur (D:6)
  An ogre (D:5)
  A kobold brigand (D:6)
  A gnoll sergeant (D:6)
  A scorpion (D:5)
  2 howler monkeys
  A gnoll bouda (D:5)
  An orc priest (D:6)
  4 hounds
  6 orc wizards
  6 gnolls (D:6)
  5 adders
  A shadow imp (D:5)
  An ufetubus (D:5)
  3 worms
  4 dart slugs
  25 orcs
  5 endoplasms
  2 giant cockroaches
  7 goblins
  16 hobgoblins
  3 jackals (D:2)
  3 quokkas
  6 ball pythons
  3 bats (D:3)
  A frilled lizard (D:3)
  14 kobolds
  6 rats
135 creatures vanquished.

Vanquished Creatures (others)
  A frilled lizard (D:2)
1 creature vanquished.

Grand Total: 136 creatures vanquished

Notes
Turn   | Place    | Note
-------+----------+-------------------------------------------
     0 | D:1      | Strat the Ghoul Enchanter began the quest for the Orb.
     0 | D:1      | Reached XP level 1. HP: 14/14 MP: 2/2
   145 | D:1      | Reached skill level 1 in Fighting
   605 | D:1      | Reached skill level 1 in Unarmed Combat
   605 | D:1      | Reached XP level 2. HP: 4/23 MP: 3/3
   939 | D:1      | HP: 1/23 [hobgoblin (1)]
   945 | D:1      | HP: 1/23 [goblin/+0 dagger (2)]
  1257 | D:1      | Found a faded altar of an unknown god.
  1581 | D:1      | Reached skill level 2 in Unarmed Combat
  1740 | D:1      | Reached XP level 3. HP: 10/28 MP: 4/4
  2664 | D:2      | Reached skill level 3 in Unarmed Combat
  3311 | D:3      | Reached XP level 4. HP: 32/35 MP: 5/5
  3605 | D:3      | Reached skill level 4 in Unarmed Combat
  3865 | D:3      | Reached XP level 5. HP: 40/40 MP: 6/6
  4078 | D:3      | Reached skill level 5 in Unarmed Combat
  4418 | D:4      | Found Fyommesa's Tremendous Tomes.
  4636 | D:4      | Found a radiant altar of Vehumet.
  4741 | D:4      | Found an iron altar of Okawaru.
  4741 | D:4      | Found a shimmering altar of Xom.
  4741 | D:4      | Found a burning altar of Makhleb.
  4747 | D:4      | Found a snail-covered altar of Cheibriados.
  4930 | D:4      | Found a broken altar of Ashenzari.
  5135 | D:3      | Reached skill level 6 in Unarmed Combat
  5135 | D:3      | Reached XP level 6. HP: 32/47 MP: 7/7
  5275 | D:4      | Became a worshipper of Makhleb the Destroyer
  5432 | D:4      | Found a staircase to the Ecumenical Temple.
  5508 | D:4      | Found a sacrificial altar of Ru.
  5534 | D:5      | Entered Level 5 of the Dungeon
  5658 | D:5      | Reached skill level 1 in Armour
  5970 | D:5      | Noticed a water moccasin
  5986 | D:5      | Killed a water moccasin
  5987 | D:5      | Reached XP level 7. HP: 50/56 MP: 8/8
  6818 | D:6      | Reached skill level 7 in Unarmed Combat
  6880 | D:6      | Reached XP level 8. HP: 63/66 MP: 9/9
  6962 | D:5      | Reached * piety under Makhleb
  7557 | D:6      | Reached skill level 5 in Fighting
  7601 | D:6      | Reached skill level 8 in Unarmed Combat
  7881 | D:6      | HP: 2/68 [orc/+0 war axe (3)]
  7882 | D:6      | Slain by an orc

Illustrated notes

Levels and vault maps discovered:
D:1:      minmay_arrival_three_doors, layout_basic,
          ebering_ecumenical_altar_rust, ebering_dispersal_statue_hall,
          minmay_close_crescents
D:2:      layout_loops_ring
D:3:      minmay_angry_zag, layout_loops_corners, minivault_19, st_stairs_6,
          kennysheep_nub, minmay_crystal_water, kennysheep_generic_room_12
D:4:      layout_loops_cross, mainiacjoe_overflow_alcove_4,
          vehumet_altar_wand_db, minmay_overflow_temple_hex,
          mainiacjoe_overflow_24_doors, minmay_temple_entry_offerings,
          nicolae_shop_i_like_big_books
D:5:      layout_loops_corners, kennysheep_pointless_box
D:6:      layout_loops_cross

Skill      XL: |  1  2  3  4  5  6  7  8 |
---------------+-------------------------+-----
Fighting       | 1 2 4 5 |  5.0
Unarmed Combat | 1 2 3 4 6 7 8 |  8.5
Armour         | 1 3 4 |  4.7
Short Blades   | |  0.8
Dodging        | |  1.7
Stealth        | |  3.2
Spellcasting   | |  1.7
Hexes          | |  2.4

Action                   |  1- 3 |  4- 6 |  7- 9 || total
-------------------------+-------+-------+-------++-------
Melee: Dagger            |   189 |       |       ||   189
       Unarmed           |    33 |   222 |   191 ||   446
       Punch             |     2 |     5 |     4 ||    11
Evoke: Wand              |       |     1 |       ||     1
  Use: Scroll            |       |       |     9 ||     9
       Potion            |       |       |     3 ||     3
 Stab: Sleeping          |     5 |     2 |       ||     7
Armor: Robe              |    12 |       |       ||    12
       Ring mail         |    40 |    99 |   106 ||   245
Dodge: Dodged            |   118 |   116 |   104 ||   338
